 Dungeon Crawl Stone Soup version 0.29.1-15-g9cfb28693d (webtiles) character file.

Game seed: 15013418848991363320

209 leafyfresh the Covert (level 5, -3/38 HPs)
             Began as an Octopode Delver on Mar 4, 2023.
             Slain by an iguana (6 damage)
             ... on level 4 of the Dungeon.
             The game lasted 00:03:51 (4370 turns).

leafyfresh the Covert (Octopode Delver)             Turns: 4370, Time: 00:03:52

Health: -3/38      AC:  1    Str: 12    XL:     5   Next: 87%
Magic:  5/5        EV: 14    Int: 14    God:
Gold:   187        SH:  0    Dex: 13    Spells: 4/4 levels left

rFire   . . .      SeeInvis .   x - +2 whip (elec)
rCold   . . .      Faith    .   (no shield)
rNeg    . . .      Spirit   .   (helmet restricted)
rPois   .          Reflect  .   (no amulet)
rElec   .          Harm     .   g - ring of wizardry
rCorr   .          Rampage  .   m - ring of flight
Will    .....                   (no ring)
Stlth   +++++.....              (no ring)
HPRegen 0.12/turn               (no ring)
MPRegen 0.09/turn               (no ring)
                                (no ring)
                                (no ring)

@: flying
A: almost no armour, amphibious, 8 rings, camouflage 1, gelatinous body 1,
(nimble swimmer 1), tentacles
a: no special abilities


You were on level 4 of the Dungeon.
You visited 1 branch of the dungeon, and saw 5 of its levels.

You collected 187 gold pieces.

Inventory:

Hand Weapons
 a - a +0 short sword
 j - a +0 dagger
 t - a +1 mace of holy wrath
 u - a +0 sling
 x - a +2 whip of electrocution (weapon)
Missiles
 h - 28 stones (quivered)
Jewellery
 g - a ring of wizardry (left tentacle)
 m - a ring of flight (right tentacle)
 A - a ring of positive energy
Wands
 f - a wand of digging (3)
 p - a wand of flame (15)
Scrolls
 b - a scroll of fog
 d - 3 scrolls of fear
 i - 2 scrolls of blinking {unknown}
 k - 2 scrolls of noise {unknown}
 l - a scroll of identify {unknown}
 n - a scroll of magic mapping
 w - 2 scrolls of enchant armour {unknown}
 y - a scroll of torment {unknown}
 B - a scroll of immolation {unknown}
 C - a scroll of teleportation {unknown}
Potions
 c - a potion of cancellation {unknown}
 e - 2 potions of haste
 o - a potion of heal wounds {unknown}
 q - 2 potions of might {unknown}
 r - a potion of magic {unknown}
 s - a potion of curing {unknown}
 v - 3 potions of lignification {unknown}
 z - 2 potions of flight {unknown}


   Skills:
 + Level 4.3 Fighting
 - Level 2.0 Short Blades
 + Level 3.7 Dodging
 + Level 8.0 Stealth


You had 4 spell levels left.
You didn't know any spells.
Your spell library contained the following spells:

 Spells                   Type           Power      Damage    Failure   Level
 Summon Small Mammal      Summ           0%         N/A       12%         1
 Call Canine Familiar     Summ           0%         N/A       32%         3
 Summon Guardian Golem    Hex/Summ       0%         N/A       32%         3


Dungeon Overview and Level Annotations

Branches:
Dungeon (5/15)
 Temple: D:4-7

Altars:

Shops:
D:2 ((*   D:4 ?(*


Innate Abilities, Weirdness & Mutations

You cannot wear most types of armour.
You are amphibious.
You can wear up to eight rings at the same time.
Your skin changes colour to match your surroundings (Stealth+).
Your rubbery body absorbs attacks. (AC +1, EV +1)
((You are camouflaged when in or above water. (Stealth+)))
You have tentacles for arms and can constrict up to eight enemies at once.


Message History

Natasha is heavily wounded.
The iguana hisses angrily.
Natasha closely misses you.
You miss Natasha. Your grab misses Natasha.
Natasha is heavily wounded.
Natasha claws you.
You closely miss Natasha. Your grab misses Natasha.
Your squeeze misses Natasha.
Natasha is heavily wounded.
Natasha claws you. x2
You barely miss Natasha. Your grab misses Natasha.
Natasha is heavily wounded.
Natasha casts a spell.
You closely miss Natasha. Your grab misses Natasha.
Natasha is heavily wounded.
Natasha claws you. The crimson imp completely misses you.
You barely miss Natasha. Your grab misses Natasha.
Natasha is heavily wounded.
Natasha closely misses you.
The crimson imp blinks!
Unknown command.
You hit Natasha but do no damage. Lightning courses through Natasha!
You kill Natasha!
Natasha growls in agony!
Your Stealth skill increases to level 8!
You hit the iguana. You grab the iguana.
The iguana is moderately wounded.
You constrict the iguana. The iguana bites you!
You hit the iguana.
The iguana is heavily wounded.
You constrict the iguana, but do no damage.
The iguana bites you!
* * * LOW HITPOINT WARNING * * *
You hit the iguana.
The iguana is heavily wounded.
You constrict the iguana. The iguana closely misses you.
Unknown command.
You completely miss the iguana.
The iguana is severely wounded.
You constrict the iguana. The iguana barely misses you. The iguana bites you.
You die...

*,*,,,,,,,,,,,,,*
*,*,,,,,,,,,,,,,*
*,*,,,,,,,,,,,,,###
*,*************##.##
*,**###* #...#
*,,,,..* ##..#
*****#.* #..## #l##
##).#### #.@#
#.....#
##.##########.###..
#.................
############..##.#
##.##.. #.###<
#...## ###... #...


You could see an iguana.

Vanquished Creatures
  A bullfrog (D:3)
  A hound (D:4)
  Natasha (D:4)
  2 adders
  2 worms
  2 dart slugs
  5 orcs (D:4)
  2 ball pythons
  8 endoplasms
  A giant cockroach (D:2)
  7 goblins
  2 hobgoblins (D:1)
  4 quokkas
  10 bats
  A frilled lizard (D:1)
  6 kobolds
  4 rats
59 creatures vanquished.

Vanquished Creatures (others)
  11 plants (D:4)
11 creatures vanquished.

Grand Total: 70 creatures vanquished

Notes
Turn   | Place    | Note
-------+----------+-------------------------------------------
     0 | D:5      | leafyfresh the Octopode Delver began the quest for the Orb.
     0 | D:5      | Reached XP level 1. HP: 16/16 MP: 1/1
    34 | D:4      | Found Plog's Magic Scroll Shop.
   213 | D:4      | Noticed a hound
   214 | D:4      | Found Veirav's Weapon Shop.
   223 | D:4      | Noticed a sky beast
   300 | D:3      | Reached XP level 2. HP: 19/21 MP: 2/2
   463 | D:3      | Noticed a bullfrog
   465 | D:3      | Killed a bullfrog
   466 | D:3      | Reached skill level 7 in Stealth
   466 | D:3      | Reached XP level 3. HP: 27/27 MP: 3/3
   466 | D:3      | Reached XP level 4. HP: 33/33 MP: 4/4
  2335 | D:2      | Found Nofilailo's Antique Weapon Boutique.
  2361 | D:2      | Found a faded altar of an unknown god.
  2642 | D:2      | Found Qeonyth's Weapon Shoppe.
  2659 | D:2      | Found Akagot's Assorted Antiques.
  3054 | D:1      | Reached XP level 5. HP: 37/37 MP: 5/5
  3976 | D:4      | Found Puageizy's General Store.
  4357 | D:4      | Noticed Natasha
  4366 | D:4      | Killed Natasha
  4367 | D:4      | Reached skill level 8 in Stealth
  4370 | D:4      | Slain by an iguana

Illustrated notes

Levels and vault maps discovered:
D:1:      dpeg_arrival_rooms_a, layout_basic
D:2:      layout_basic, hellmonk_ecumenical_altar_leap_of_faith, serial_shops,
          nicolae_diamond_shop, nicolae_diamond_shop, shop
D:3:      layout_basic, kennysheep_decorative_pillar
D:4:      layout_rooms, mainiacjoe_overflow_surrounded_room,
          gammafunk_ghost_cemetery, serial_shops, nicolae_shop_hallway_plus,
          shop_scrolls, shop, cheibrodos_sewer_entry_bend,
          serial_bayou_lagoon_a, kennysheep_generic_room_2, uniq_natasha,
          uniq_pikel
D:5:      layout_cave_pools, mainiacjoe_overflow_cross_hatched

Skill      XL: |  1  2  3  4  5 |
---------------+----------------+-----
Dodging        | 3 |  3.7
Stealth        | 7 8 |  8.0
Fighting       | 4 |  4.3
Short Blades   | |  2.0

Action                   |  1- 3 |  4- 6 || total
-------------------------+-------+-------++-------
Melee: Short sword       |    20 |    21 ||    41
       Tentacles         |     5 |    14 ||    19
       Constrict         |     4 |    18 ||    22
       Whip              |       |    73 ||    73
       Punch             |       |     1 ||     1
 Fire: Sling             |       |    41 ||    41
  Use: Scroll            |     1 |       ||     1
 Stab: Sleeping          |     3 |    12 ||    15
       Distracted        |       |     1 ||     1
Armor: Skin              |       |     6 ||     6
Dodge: Dodged            |     4 |    77 ||    81
